AoeStats
← 2ScareD23

African Clearing

510724335Analyzed
2v2 RM · 1d ago on Oct 2, 2026· 16m 59s· 4 players
Game mode
Random Map
Map size
Medium (4 player)
Population
200
Speed
Normal
Resources
Standard
Victory
Conquest
Starting age
Dark Age
Ending age
Imperial Age
RankedLock teamsTeams togetherTeam positionsShared explorationLock speedFull tech treeHidden civsTurbo modeCheats
Victory
Defeat
🇲🇽 Magyars · Mexico
1374
+15
🇺🇸 Spanish · United States
1334
+16
🇩🇪 Mongols · Germany
1384
-17
🇹🇷 Burgundians · Türkiye
1312
-14
ElMeroMero
10:27 Loom
12:53 Feudal Age
17:49 Castle Age
2ScareD23
3:53 Loom
6:51 Double-Bit Axe
11:28 Wheelbarrow
13:38 Feudal Age
13:55 Horse Collar
alexisjcw
4:19 Loom
14:40 Feudal Age
15:15 Town Watch
GEN0S
12:24 Feudal Age
13:10 Double-Bit Axe
14:14 Loom
16:31 Bloodlines
Connection lost

Rejoining the realm…

Still unreachable

The connection could not be restored.

Session expired

The server has moved on; the page needs a fresh start.